 Dungeon Crawl Stone Soup version 0.27.1-16-g815e20cd7a (webtiles) character file.

Game seed: 14728076640568849793

14431 jjjjhere the Grappler (level 11, -5/94 HPs)
             Began as a Troll Abyssal Knight on Nov 21, 2021.
             Was an Elder of Lugonu.
             Slain by an eight-headed hydra (14 damage)
             ... on level 2 of the Lair of Beasts.
             The game lasted 00:16:43 (9174 turns).

jjjjhere the Grappler (Troll Abyssal Knight)        Turns: 9174, Time: 00:16:44

Health: -5/94      AC:  7    Str: 37    XL:     11   Next: 88%
Magic:  1/16       EV: 10    Int:  8    God:    Lugonu [****..]
Gold:   681        SH:  5    Dex: 16    Spells: 10/10 levels left

rFire    . . .     SeeInvis +   a - +8 hunting sling "Usumiff" {freeze, rC- Str+8 Dex+4 SInv}
rCold    x . .     Faith    .   (no shield)
rNeg     . . .     Spirit   .   m - +1 robe "Oshaor" {Str+7}
rPois    +         Reflect  +   (helmet restricted)
rElec    .         Harm     .   i - +1 cloak
rCorr    .         Rampage  .   (gloves unavailable)
Will     .....                  (boots unavailable)
Stlth    +.........             G - amulet of reflection
HPRegen  1.25/turn              k - +4 ring of slaying
MPRegen  0.15/turn              s - ring of poison resistance

@: no status effects
A: large, unfitting armour, claws 3, regeneration 1, shaggy fur 1, tough skin 1
a: Renounce Religion, Depart the Abyss, Bend Space, Banish, Corrupt


You were on level 2 of the Lair of Beasts.
You worshipped Lugonu.
Lugonu was greatly pleased with you.
You visited 2 branches of the dungeon, and saw 12 of its levels.
You visited the Abyss 1 time.

You collected 759 gold pieces.
You spent 78 gold pieces at shops.

Inventory:

Hand Weapons
 a - the +8 hunting sling "Usumiff" (weapon) {freeze, rC- Str+8 Dex+4 SInv}
   (You found it on level 4 of the Dungeon)

   Any ammunition fired from it freezes those it strikes, dealing additional
   cold damage.
   It can also slow down cold-blooded creatures.
   Str:       It affects your strength (+8).
   Dex:       It affects your dexterity (+4).
   rC:        It makes you vulnerable to cold.
   SInv:      It lets you see invisible.
Missiles
 n - 113 poisoned darts
 t - 2 curare-tipped darts
 x - 4 throwing nets
 B - 19 sling bullets (quivered ammo)
 D - 190 stones
Armour
 h - a +0 tower shield
 i - a +1 cloak (worn)
 m - the +1 robe "Oshaor" (worn) {Str+7}
   (You found it on level 1 of the Dungeon)

   Str:       It affects your strength (+7).
Jewellery
 g - a +6 ring of dexterity
 j - a ring of willpower
 k - a +4 ring of slaying (left claw)
 s - a ring of poison resistance (right claw)
 G - an amulet of reflection (around neck)
 K - a ring of positive energy
Wands
 c - a wand of digging (8)
 E - a wand of charming (9)
 F - a wand of acid (4)
 N - a wand of iceblast (9)
Scrolls
 b - 2 scrolls of teleportation
 e - a scroll of enchant armour
 q - 3 scrolls of amnesia
 r - 4 scrolls of enchant weapon
 y - a scroll of blinking
 M - a scroll of immolation
Potions
 d - 3 potions of haste
 f - 4 potions of might
 l - a potion of resistance
 o - 2 potions of attraction
 p - 4 potions of curing
 u - 3 potions of heal wounds
 v - a potion of berserk rage {unknown}
 w - 2 potions of flight {unknown}
 z - a potion of brilliance {unknown}
 A - a potion of mutation {unknown}
 C - a potion of ambrosia {unknown}
 I - a potion of lignification {unknown}


   Skills:
 - Level 2.4 Fighting
 - Level 1.9 Dodging
 + Level 7.0 Shields
 + Level 14.2 Unarmed Combat
 - Level 9.0 Invocations


You had 10 spell levels left.
You didn't know any spells.
Your spell library contained the following spells:

 Spells                   Type           Power      Damage    Failure   Level
 Dispersal                Tloc           0%         N/A       100%        6
 Disjunction              Tloc           0%         N/A       100%        8


Dungeon Overview and Level Annotations

Branches:
Dungeon (10/15)            Temple (0/1) D:4            Lair (2/6) D:10
 Spider (0/4) Lair:2
  Swamp: Lair:2-4    Shoals: Lair:2-4       Orc: D:9-12

Altars:
Ashenzari
Elyvilon
Gozag
Okawaru
The Shining One

Shops:
D:7 !

Annotations:
D:4 2 transporters, WaxSun's ghost, amateur KoBr
D:5 2 transporters
D:8 Psyche
Abyss:1 Harold


Innate Abilities, Weirdness & Mutations

You are too large for most types of armour.
You have claws for hands.
Your natural rate of healing is unusually fast.
You are covered in fur. (AC +1)
You have tough skin. (AC +1)


Message History

The sling bullet freezes the eight-headed hydra!
The eight-headed hydra is heavily wounded.
Press: ? - help, Shift-Dir - straight line, f/p - eight-headed hydra
Aim: an eight-headed hydra (moderately wounded, chance to affect: 57%)
The eight-headed hydra resists with significant effort.
You can no longer gate yourself to the Abyss.
Press: ? - help, Shift-Dir - straight line, f/p - eight-headed hydra
Aim: an eight-headed hydra (moderately wounded, chance to affect: 57%)
The eight-headed hydra resists with significant effort.
The eight-headed hydra bites you!
The eight-headed hydra bites you but does no damage.
You block the eight-headed hydra's attack. x2
The eight-headed hydra bites you! x2
The eight-headed hydra bites you but does no damage. x2
Press: ? - help, Shift-Dir - straight line, f/p - eight-headed hydra
Aim: an eight-headed hydra (moderately wounded, chance to affect: 57%)
The eight-headed hydra resists with significant effort.
The eight-headed hydra bites you but does no damage.
The eight-headed hydra bites you!
You block the eight-headed hydra's attack.
The eight-headed hydra bites you but does no damage.
The eight-headed hydra barely misses you.
The eight-headed hydra bites you but does no damage.
The eight-headed hydra completely misses you.
The eight-headed hydra bites you but does no damage.
Press: ? - help, Shift-Dir - straight line, f/p - eight-headed hydra
Aim: an eight-headed hydra (moderately wounded, chance to affect: 57%)
The eight-headed hydra resists with significant effort.
The eight-headed hydra bites you but does no damage.
The eight-headed hydra closely misses you.
The eight-headed hydra bites you but does no damage.
You block the eight-headed hydra's attack.
The eight-headed hydra bites you. x4
The eight-headed hydra bites you! x2
* * * LOW HITPOINT WARNING * * *
The eight-headed hydra completely misses you.
The eight-headed hydra bites you.
* * * LOW HITPOINT WARNING * * *
The eight-headed hydra bites you!
You die...

.........# .........#
.........## ..........#
..........# ...# ##
.........# ....#...
...?.....## ....#.^^..
..........##P.......^.
....(...D@.##...(^^...^.
....>...#...#...#^.^.^.^.
(.......#........^^^^.>.^^
........#...........^^.^.^
.........#.#.....^.^^^^^^.
.........##.#...#.^.^^.^..
.......# ##.......^.....^
.... ##........^^^.. ...#
##..........###


You could see an eight-headed hydra.

Vanquished Creatures
  A hydra (Lair:1)
  5 two-headed ogres (D:9)
  An orc knight (D:9)
  2 cyclopes (D:9)
  A cane toad (Lair:1)
  An unseen horror (D:10)
  A komodo dragon (Lair:2)
  A polar bear (Lair:1)
  A troll (D:9)
  Sigmund (D:2)
  19 yaks
  A basilisk (Lair:2)
  3 steam dragons
  7 water moccasins
  2 black bears
  An orc warrior (D:8)
  A hornet zombie (D:7)
  2 necrophages (D:6)
  2 sky beasts
  2 ogres
  A phantom (D:6)
  3 centaurs
  2 kobold brigands (D:10)
  2 bullfrogs
  A gnoll sergeant (D:10)
  2 scorpions
  6 howler monkeys
  5 wights (D:7)
  An electric eel (Lair:1)
  A bullfrog zombie (D:7)
  3 centaur zombies (D:10)
  3 hounds (D:5)
  A jelly (D:5)
  A bullfrog skeleton (D:6)
  3 orc priests
  A centaur skeleton (D:6)
  A gnoll shaman (D:5)
  5 orc wizards
  A killer bee zombie (D:9)
  A hound skeleton (D:5)
  A howler monkey zombie (D:10)
  16 gnolls
  6 adders
  A shadow imp (D:6)
  2 white imps
  An adder skeleton (D:4)
  A worm (D:3)
  4 dart slugs
  27 orcs
  5 endoplasms
  3 giant cockroaches
  9 goblins
  8 hobgoblins
  7 jackals (D:4)
  5 quokkas
  11 ball pythons
  A bat (D:2)
  3 frilled lizards
  14 kobolds
  3 rats
227 creatures vanquished.

Vanquished Creatures (others)
  3 plants (Lair:1)
3 creatures vanquished.

Grand Total: 230 creatures vanquished

Notes
Turn   | Place    | Note
-------+----------+-------------------------------------------
     0 | Abyss:1  | jjjjhere the Troll Abyssal Knight began the quest for the
                  | Orb.
     0 | Abyss:1  | Reached XP level 1. HP: 22/22 MP: 1/1
    15 | Abyss:1  | Noticed a small abomination
    93 | Abyss:3  | Noticed a large abomination
    95 | D:1      | Escaped the Abyss
   367 | D:1      | Reached XP level 2. HP: 29/29 MP: 2/2
   539 | D:1      | Reached * piety under Lugonu
   598 | D:1      | Found a faded altar of an unknown god.
   600 | D:1      | Identified the +1 robe "Oshaor" {Str+7}
   606 | D:1      | Reached skill level 3 in Unarmed Combat
  1133 | D:2      | Reached XP level 3. HP: 35/36 MP: 3/3
  1214 | D:2      | Found a broken altar of Ashenzari.
  1334 | D:2      | Noticed Sigmund
  1343 | D:2      | Killed Sigmund
  1344 | D:2      | Reached skill level 5 in Unarmed Combat
  1344 | D:2      | Reached XP level 4. HP: 44/44 MP: 4/4
  1344 | D:2      | Reached XP level 5. HP: 50/50 MP: 5/5
  1905 | D:3      | Reached ** piety under Lugonu
  2001 | D:3      | Found a white marble altar of Elyvilon.
  2064 | D:3      | Noticed a sky beast
  2072 | D:3      | Killed a sky beast
  2073 | D:3      | Reached skill level 6 in Unarmed Combat
  2073 | D:3      | Reached XP level 6. HP: 59/59 MP: 6/6
  2127 | D:4      | Found a transporter.
  2127 | D:4      | Noticed WaxSun's ghost (amateur KoBr)
  2201 | D:4      | Identified the +8 hunting sling "Usumiff" {freeze, rC-
                  | Str+8 Dex+4 SInv}
  2480 | D:4      | Found an iron altar of Okawaru.
  2561 | D:4      | Found a staircase to the Ecumenical Temple.
  2578 | D:4      | Found a transporter.
  2809 | D:5      | Entered Level 5 of the Dungeon
  2891 | D:5      | Reached skill level 7 in Unarmed Combat
  2980 | D:5      | Found a transporter.
  3022 | D:5      | Reached XP level 7. HP: 64/66 MP: 7/7
  3025 | D:5      | Reached *** piety under Lugonu
  3151 | D:5      | HP: 20/66 [poisoned by a scorpion]
  3156 | D:5      | HP: 20/66 [poisoned by a scorpion]
  3208 | D:5      | Reached skill level 8 in Unarmed Combat
  3319 | D:5      | Found a transporter.
  4174 | D:6      | Reached XP level 8. HP: 74/74 MP: 8/10
  4240 | D:6      | Reached skill level 9 in Unarmed Combat
  4392 | D:6      | Reached skill level 5 in Invocations
  5099 | D:7      | Reached **** piety under Lugonu
  5100 | D:7      | Reached skill level 10 in Unarmed Combat
  5100 | D:7      | Reached XP level 9. HP: 80/80 MP: 12/12
  5136 | D:7      | Found Efrer's Distillery.
  5139 | D:7      | Bought a potion of heal wounds for 65 gold pieces
  5139 | D:7      | Bought a potion of degeneration for 13 gold pieces
  5633 | D:8      | Found a glowing golden altar of the Shining One.
  5817 | D:8      | Noticed Harold
  5818 | D:8      | Noticed Psyche
  5856 | D:8      | Banished Harold
  5857 | D:8      | Reached skill level 11 in Unarmed Combat
  6042 | D:8      | Found an opulent altar of Gozag.
  6352 | D:9      | Reached XP level 10. HP: 88/88 MP: 15/15
  6482 | D:9      | Noticed a two-headed ogre
  6488 | D:9      | Killed a two-headed ogre
  6489 | D:9      | Reached skill level 12 in Unarmed Combat
  6599 | D:9      | Noticed a two-headed ogre
  6637 | D:9      | Killed a two-headed ogre
  6681 | D:9      | Noticed a two-headed ogre
  6690 | D:9      | Killed a two-headed ogre
  7035 | D:9      | Noticed a cyclops
  7040 | D:9      | Killed a cyclops
  7049 | D:9      | Noticed a cyclops
  7052 | D:9      | Noticed a two-headed ogre
  7057 | D:9      | Killed a cyclops
  7058 | D:9      | Reached XP level 11. HP: 75/94 MP: 16/16
  7085 | D:9      | Killed a two-headed ogre
  7086 | D:9      | Reached skill level 13 in Unarmed Combat
  7121 | D:9      | Noticed a two-headed ogre
  7132 | D:9      | Killed a two-headed ogre
  7133 | D:9      | Noticed an orc knight
  7141 | D:9      | Killed an orc knight
  7142 | D:9      | Reached skill level 5 in Shields
  7255 | D:10     | Entered Level 10 of the Dungeon
  7462 | D:10     | Found a staircase to the Lair.
  7640 | D:10     | Reached ***** piety under Lugonu
  8088 | Lair:1   | Entered Level 1 of the Lair of Beasts
  8253 | Lair:1   | Noticed a five-headed hydra
  8268 | Lair:1   | Killed a five-headed hydra
  8672 | Lair:1   | Reached skill level 14 in Unarmed Combat
  9155 | Lair:2   | Found a hole to the Spider Nest.
  9165 | Lair:2   | Noticed an eight-headed hydra
  9174 | Lair:2   | HP: 29/94 [eight-headed hydra (9)]
  9174 | Lair:2   | HP: 9/94 [eight-headed hydra (6)]
  9174 | Lair:2   | Slain by an eight-headed hydra

Illustrated notes

Levels and vault maps discovered:
D:1:      dpeg_arrival_round_c, layout_loops_ring,
          hellmonk_ecumenical_altar_lost_god, grunt_decor_junction
D:2:      layout_loops_cross, basic_altar, uniq_sigmund
D:3:      layout_rooms, mainiacjoe_overflow_alcove_1
D:4:      layout_basic, okawaru_altar_gauntlet_db, minmay_temple_entry_hall,
          gammafunk_ghost_smash, kennysheep_small_circle
D:5:      gammafunk_cloud_chamber, layout_layer_cave
D:6:      layout_basic
D:7:      layout_basic, serial_shops, nicolae_shop_behind_doors
D:8:      layout_basic, overflow_temple_1_default, kennysheep_mini_moat,
          uniq_psyche, uniq_harold
D:9:      layout_irregular_city, hellmonk_guarded_unrand_dark_maul
D:10:     layout_roguey, lair_entry_dummy, ebering_dispersal_statue_hall
Lair:1:   layout_loops_ring, serial_bayou_pond_b, grunt_megastairs_1,
          infiniplex_staircase_pool
Lair:2:   layout_hall_layers, spider_nest_entry_web_field,
          gauntlet_entry_generic, nicolae_lair_grove_arrangements

Skill      XL: |  1  2  3  4  5  6  7  8  9 10 11 |
---------------+----------------------------------+-----
Unarmed Combat | 3 5 6 7 8 10 11 12 14 | 14.2
Invocations    | 2 4 6 8 9 |  9.0
Shields        | 4 7 |  7.0
Fighting       | |  2.4
Dodging        | |  1.9

Action                   |  1- 3 |  4- 6 |  7- 9 | 10-12 || total
-------------------------+-------+-------+-------+-------++-------
Melee: Unarmed           |    86 |   101 |   137 |    92 ||   416
       Punch             |     2 |       |     5 |    10 ||    17
 Fire: Hunting sling     |       |       |    79 |   122 ||   201
Throw: Dart              |       |       |       |     3 ||     3
Invok: Depart the Abyss  |     1 |       |       |       ||     1
       Banish            |       |       |     1 |     4 ||     5
  Use: Scroll            |       |     8 |       |     9 ||    17
 Stab: Sleeping          |     3 |     5 |       |       ||     8
Armor: Robe              |    23 |    42 |    62 |    30 ||   157
Dodge: Dodged            |    30 |    69 |    86 |    39 ||   224
Block: Other             |       |       |       |     4 ||     4
